 Dungeon Crawl Stone Soup version 0.28.0-1-gb440e238dd (webtiles) character file.

Game seed: 17546213412460023318

1742 fknight the Cleaver (level 9, -1/69 (80) HPs)
             Began as a Hill Orc Monk on Feb 27, 2022.
             Slain by a wight (13 damage)
             ... while paralysed by Grinder
             ... on level 6 of the Dungeon.
             The game lasted 00:24:28 (6301 turns).

fknight the Cleaver (Hill Orc Monk)                 Turns: 6301, Time: 00:24:28

HP:   -1/69 (80)    AC: 13    Str: 18    XL:     9   Next: 5%
MP:   0/9           EV:  2    Int: 10    God:
Gold: 216           SH:  0    Dex: 19    Spells: 8/8 levels left

rFire   . . .      SeeInvis +   a - +5 war axe of Xeptyor {drain, rPois rC+}
rCold   + . .      Faith    .   g - +0 kite shield
rNeg    . . .      Spirit   +   h - +0 plate armour
rPois   +          Reflect  .   A - +2 helmet {SInv}
rElec   .          Harm     .   (no cloak)
rCorr   .          Rampage  .   (no gloves)
Will    .....                   (no boots)
Stlth   ..........              s - amulet of guardian spirit
HPRegen 0.21/turn               m - ring of flight
MPRegen 0.11/turn               x - +6 ring of dexterity

@: paralysed, flying, heavily drained
A: no striking features
a: no special abilities


You were on level 6 of the Dungeon.
You visited 1 branch of the dungeon, and saw 6 of its levels.

You collected 250 gold pieces.
You spent 34 gold pieces at shops.

Inventory:

Hand Weapons
 a - the +5 war axe of Xeptyor (weapon) {drain, rPois rC+}
   (You acquired it on level 3 of the Dungeon)

   A truly terrible weapon, it drains the life of any living foe it strikes.
   rC:        It protects you from cold.
   rPois:     It protects you from poison.
 b - a +1 hunting sling
 c - the +8 morningstar of Laceration {freeze, Stlth+}
   (You found it on level 2 of the Dungeon)

   It freezes those it strikes, dealing additional cold damage.
   It can also slow down cold-blooded creatures.
   Stlth:     It makes you more stealthy.
 e - a +2 short sword of draining
 f - a +0 hand axe
 i - a +2 dagger of draining
 r - a +2 flail of holy wrath
 E - the +8 spear of Komoplan {holy, rF+ rN+ Str+2}
   (You found it on level 5 of the Dungeon)

   It has been blessed by the Shining One to cause great damage to the undead
   and demons.
   Str:       It affects your strength (+2).
   rF:        It protects you from fire.
   rN:        It protects you from negative energy.
 H - a +1 scimitar of flaming
 J - a +3 hand axe of freezing
 K - a +0 halberd
Missiles
 l - 66 sling bullets
 p - 192 stones (quivered)
 t - 7 poisoned darts
Armour
 d - a +0 leather armour
 g - a +0 kite shield (worn)
 h - a +0 plate armour (worn)
 j - a +0 scale mail
 k - a +0 plate armour
 v - a +0 robe
 y - a +1 scale mail of positive energy
 A - a +2 helmet of see invisible (worn)
Magical Staves
 F - a staff of death
Jewellery
 m - a ring of flight (left hand)
 s - an amulet of guardian spirit (around neck)
 x - a +6 ring of dexterity (right hand)
Wands
 I - a wand of charming (5)
Scrolls
 B - 2 scrolls of fog
 C - a scroll of teleportation
 D - 2 scrolls of silence
Potions
 n - 5 potions of curing
 o - a potion of ambrosia
 q - a potion of heal wounds
 u - a potion of might {unknown}
 w - a potion of mutation
 z - a potion of invisibility
 G - a potion of brilliance {unknown}


   Skills:
 + Level 7.7 Fighting
 + Level 8.4 Axes
 + Level 5.3 Dodging
 + Level 5.3 Stealth


You had 8 spell levels left.
You didn't know any spells.
Your spell library contained the following spells:

 Spells                   Type           Power      Damage    Failure   Level
 Gell's Gravitas          Tloc           0%         N/A       100%        3
 Lesser Beckoning         Tloc           0%         N/A       100%        3
 Summon Guardian Golem    Hex/Summ       0%         N/A       100%        3
 Teleport Other           Tloc           0%         N/A       100%        3
 Orb of Destruction       Conj           0%         9d5       100%        7
 Spellforged Servitor     Conj/Summ      0%         N/A       100%        7


Dungeon Overview and Level Annotations

Branches:
Dungeon (6/15)             Temple (0/1) D:4

Altars:

Shops:
D:3 *   D:5 :

Annotations:
D:6 Grinder


Message History

You closely miss Grinder.
Grinder is heavily wounded.
Grinder barely misses you.
You slash Grinder!
Grinder is almost dead.
You hit the wight.
You flicker back into view.
Grinder hits you but does no damage. The wight hits you with a +5 scimitar.
You barely miss Grinder.
Grinder is almost dead.
You closely miss the wight. Grinder hits you.
You writhe in agony.
You block the wight's attack. Grinder closely misses you.
The wight hits you but does no damage.
You barely miss Grinder.
Grinder is almost dead.
You barely miss the wight. You block Grinder's attack.
The wight hits you with a +5 scimitar!
You feel drained.
You hit Grinder.
Grinder is almost dead.
You hit the wight. Grinder hits you. The wight hits you with a +5 scimitar!
You feel drained.
You closely miss Grinder.
Grinder is almost dead.
You slash the wight! You block Grinder's attack.
The wight hits you with a +5 scimitar!
You feel drained. Grinder gestures at you.
You suddenly lose the ability to move!
The wight hits you but does no damage. Grinder hits you.
You writhe in agony.
* * * LOW HITPOINT WARNING * * *
The wight hits you with a +5 scimitar.
* * * LOW HITPOINT WARNING * * *
You feel drained.
Grinder blinks!
The wight hits you but does no damage. The wight hits you with a +5 scimitar.
* * * LOW HITPOINT WARNING * * *
You feel drained. Grinder gestures at you.
You shrug off the repeated paralysis!
The wight hits you with a +5 scimitar!
You die...

...#.. #..#.#########
#..#.#...z...z
#####..#.#...###########
#........#.z.#..........
#........#<..#..........
#........#...#.5........
#........#...#..@.......
#........#...###z##'####
#####....#..............
#####..#.#####'########+
.......#..............
#####..#..............
(......###############
...........^..
#.............


You could see Grinder and a wight.

Vanquished Creatures
  Edmund (D:4)
  2 black bears
  A necrophage (D:4)
  A kobold brigand (D:6)
  3 scorpions
  2 water moccasin skeletons
  7 killer bees (D:5)
  3 wights
  A howler monkey (D:6)
  2 jellies (D:5)
  A centaur skeleton (D:4)
  3 hounds
  An iguana (D:6)
  Terence (D:2)
  A killer bee zombie (D:3)
  A hound skeleton (D:4)
  2 hound zombies (D:5)
  Robin (D:4)
  7 adders
  3 gnolls (D:6)
  A white imp (D:5)
  An ufetubus (D:6)
  3 worms
  6 dart slugs
  5 orcs
  5 ball pythons
  4 bats
  8 endoplasms
  3 giant cockroaches
  19 goblins
  5 hobgoblins
  3 jackals (D:1)
  14 kobolds
  A frilled lizard (D:1)
  5 rats (D:1)
127 creatures vanquished.

Vanquished Creatures (others)
  A goblin (D:1)
  6 plants (D:6)
7 creatures vanquished.

Grand Total: 134 creatures vanquished

Notes
Turn   | Place    | Note
-------+----------+-------------------------------------------
     0 | D:1      | fknight the Hill Orc Monk began the quest for the Orb.
     0 | D:1      | Reached XP level 1. HP: 19/19 MP: 1/1
   222 | D:1      | Reached XP level 2. HP: 27/27 MP: 2/2
   869 | D:1      | Reached XP level 3. HP: 13/31 MP: 3/3
  2200 | D:2      | Identified the +8 morningstar of Laceration {freeze,
                  | Stlth+}
  2208 | D:2      | Reached XP level 4. HP: 36/40 MP: 4/4
  2725 | D:2      | Noticed Terence
  2770 | D:2      | Killed Terence
  2771 | D:2      | Reached skill level 5 in Axes
  2771 | D:2      | Reached XP level 5. HP: 39/47 MP: 3/5
  3161 | D:3      | Identified a scroll of acquirement
  3161 | D:3      | Acquired the +5 war axe of Xeptyor {drain, rPois rC+}
  3727 | D:3      | Found Ymnin Onah's Assorted Antiques.
  4182 | D:3      | Bought a hunting sling for 34 gold pieces
  4258 | D:4      | Found a staircase to the Ecumenical Temple.
  4258 | D:4      | Noticed a necrophage
  4267 | D:4      | Killed a necrophage
  4268 | D:4      | Reached skill level 5 in Fighting
  4268 | D:4      | Reached XP level 6. HP: 55/56 MP: 6/6
  4347 | D:4      | Noticed a black bear
  4356 | D:4      | Killed a black bear
  4509 | D:4      | Reached skill level 6 in Axes
  4517 | D:4      | Noticed Edmund
  4529 | D:4      | Reached XP level 7. HP: 61/61 MP: 7/7
  4535 | D:4      | Killed Edmund
  4689 | D:4      | Noticed Robin
  4711 | D:4      | Killed Robin
  5142 | D:5      | Entered Level 5 of the Dungeon
  5193 | D:5      | Reached XP level 8. HP: 56/71 MP: 6/8
  5194 | D:5      | Reached skill level 7 in Axes
  5301 | D:5      | Found Huguatou's Self-Improvement Boutique.
  5318 | D:5      | Identified the +8 spear of Komoplan {holy, rF+ rN+ Str+2}
  6010 | D:6      | Reached skill level 5 in Dodging
  6012 | D:6      | Reached skill level 8 in Axes
  6012 | D:6      | Reached skill level 5 in Stealth
  6048 | D:6      | Reached XP level 9. HP: 45/79 MP: 9/9
  6273 | D:6      | Noticed Grinder
  6278 | D:6      | Paralysed by Grinder for 6 turns
  6296 | D:6      | Paralysed by Grinder for 6 turns
  6301 | D:6      | Slain by a wight

Illustrated notes

Levels and vault maps discovered:
D:1:      dpeg_arrival_brainrot, layout_loops_ring, lemuel_flame_loot_1
D:2:      minmay_general_purpose_star, layout_basic, uniq_terence
D:3:      layout_loops_corners, serial_shops, shop, nicolae_figureground_sparkle
D:4:      layout_basic, minmay_temple_entry_trees, uniq_robin, uniq_edmund
D:5:      layout_rooms, nicolae_shop_self_help
D:6:      layout_basic, grunt_dithmenos_smoke_and_mirrors,
          gammafunk_ghost_gnarly_gnolls, uniq_grinder

Skill      XL: |  1  2  3  4  5  6  7  8 |
---------------+-------------------------+-----
Fighting       | 4 5 6 7 |  7.7
Stealth        | 2 3 4 5 |  5.3
Dodging        | 3 4 5 |  5.3
Axes           | 5 6 8 |  8.4

Action                   |  1- 3 |  4- 6 |  7- 9 || total
-------------------------+-------+-------+-------++-------
Melee: Hand axe          |    66 |       |       ||    66
       Punch             |     1 |       |       ||     1
       Short sword       |    53 |       |       ||    53
       Morningstar       |       |    30 |       ||    30
       War axe           |       |    50 |   134 ||   184
 Fire: Hunting sling     |       |     2 |       ||     2
Throw: Stone             |       |    40 |    11 ||    51
       Throwing net      |       |     1 |       ||     1
  Use: Scroll            |       |     8 |     4 ||    12
       Potion            |       |     1 |     1 ||     2
 Stab: Sleeping          |     1 |       |       ||     1
       Distracted        |       |       |     1 ||     1
Armor: Robe              |    13 |       |       ||    13
       Leather armour    |    18 |     5 |       ||    23
       Plate armour      |       |    23 |   110 ||   133
       Scale mail        |       |     7 |       ||     7
Dodge: Dodged            |    72 |    22 |    29 ||   123
Block: Kite shield       |       |    17 |    82 ||    99
